[Event "*** Titled Tuesday 3|2 Blitz"]
[Site "Chess.com"]
[Date "2017.06.06"]
[Round "5"]
[White "lucasmito"]
[Black "CookiesAndIceCream"]
[Result "0-1"]
[WhiteElo "2049"]
[BlackElo "2211"]
[TimeControl "180+2"]
[EndTime "14:52:34 PDT"]
[Termination "CookiesAndIceCream won by resignation"]

1. e4 e6 2. d4 d5 3. Nc3 Bb4 4. e5 c5 5. a3 Bxc3+ 6. bxc3 Qa5 7. Bd2 Qa4 8. f4 c4 9. Nf3 Nc6 10.
Be2 Bd7 11. O-O Nge7 12. Nh4 Ng6 13. Nxg6 hxg6 14. g3 O-O-O 15. Kg2 Kb8 16. h4 Ne7 17. Bg4 Qa5 18. Qb1 Nc8 19. Qb4 Qa4 20. Rab1 b6 21.
Rb2 a5 22. Qxa4 Bxa4 23. Rh1 Na7 24. Rxb6+ Kc7 25. Rb2 Rb8 26. Rhb1 Nb5 27. Bd1 Nxa3 28. Rxb8 Rxb8 29. Rxb8 Kxb8 30. Bc1 Nxc2 31. Bxc2 Bxc2 32. g4 Kb7 33. h5 Kc6 34. Ba3 Kb5 35. Bf8 gxh5 36.
gxh5 Bd1 37. Bxg7 Bxh5 38. Kf2 Ka4 39. Ke3 Kb3 40. Kd2 Kb2 41. Bf8 a4 42. f5 a3 43.
fxe6 fxe6 44. Bxa3+ Kxa3 45. Kc2 Bg6+ 46. Kc1 Kb3 47. Kd2 Kb2 0-1

[Event "*** Titled Tuesday 3|2 Blitz"]
[Site "Chess.com"]
[Date "2017.06.06"]
[Round "5"]
[White "robbykevlishvili"]
[Black "AkshatChandra"]
[Result "0-1"]
[WhiteElo "2104"]
[BlackElo "2732"]
[TimeControl "180+2"]
[EndTime "14:52:39 PDT"]
[Termination "AkshatChandra won by resignation"]

1. e4 c5 2. Nf3 d6 3. d4 cxd4 4.
Nxd4 Nf6 5. Nc3 a6 6. Be3 e6 7. f3 b5 8. Qd2 b4 9. Nce2 e5 10.
Nb3 Nc6 11. g4 Be6 12. Ng3 a5 13. Bb5 Qc7 14. O-O g6 15. c3 Qb7 16. Qd3 bxc3 17.
Rac1 Be7 18. Rxc3 Bd7 19. Rfc1 Nb4 20. Bxd7+ Qxd7 21. Qb1 Qe6 22. a3 a4 23. axb4 axb3 24.
Qd3 O-O 25. Rxb3 d5 26. Ra3 Bxb4 27. Rxa8 Rxa8 28. g5 d4 29. Bxd4 exd4 30. Qxd4 Be7 31. gxf6 Bxf6 32. Qf2 Ra2 33. Rc2 h5 34. Ne2 h4 35.
Nf4 Qd6 36. Nd5 h3 37. Nxf6+ Qxf6 38. Qf1 Qd4+ 39. Kh1 Kg7 40. Qe1 Qd3 41. Rf2 Qa6 42. Qe2 Ra1+ 0-1

[Event "*** Titled Tuesday 3|2 Blitz"]
[Site "Chess.com"]
[Date "2017.06.06"]
[Round "5"]
[White "GMAkobianSTL"]
[Black "Ginger_GM"]
[Result "0-1"]
[WhiteElo "2559"]
[BlackElo "2435"]
[TimeControl "180+2"]
[EndTime "14:52:42 PDT"]
[Termination "Ginger_GM won on time"]

1. d4 e6 2. c4 f5 3. Nf3 Nf6 4.
g3 Be7 5. Bg2 O-O 6. O-O d6 7.
Nc3 Ne4 8. Qc2 Nxc3 9. bxc3 Nc6 10. Rb1 e5 11. Rd1 Qe8 12. c5 e4 13. cxd6 cxd6 14. Nd2 d5 15. e3 b6 16. c4 Be6 17. c5 bxc5 18. dxc5 d4 19. Bb2 d3 20. Qa4 Rc8 21. Nb3 Bf6 22. Bxf6 Rxf6 23. Rdc1 h5 24. h4 Rf8 25. Nd2 Ne5 26. Qxa7 Ra8 27. Qc7 Bxa2 28. Ra1 Bd5 29. Rxa8 Bxa8 30. Rb1 Bd5 31. Bh3 g6 32. Rb6 Nc6 33. Qd6 Ne7 34. Bf1 Bf7 35. Rb7 Nd5 36. c6 Qe6 37. Qc5 Rc8 38. c7 Qe7 39. Rb8 Qxc5 40.
Rxc8+ Kg7 41. Nb3 Qc3 0-1

[Event "*** Titled Tuesday 3|2 Blitz"]
[Site "Chess.com"]
[Date "2017.06.06"]
[Round "5"]
[White "H16"]
[Black "Abrito99"]
[Result "1-0"]
[WhiteElo "2300"]
[BlackElo "2321"]
[TimeControl "180+2"]
[EndTime "14:52:44 PDT"]
[Termination "H16 won by resignation"]

1. d4 Nf6 2. c4 e6 3. Nf3 b6 4. g3 Bb7 5. Bg2 Be7 6. O-O O-O 7.
Nc3 Ne4 8. Qc2 Nxc3 9. Qxc3 f5 10. Rd1 Bf6 11. b3 d6 12. Ba3 Nd7 13. Qe3 Re8 14. Rac1 Be4 15. c5 bxc5 16. dxc5 d5 17. Nd4 Bg5 18.
f4 Bf6 19. Bxe4 fxe4 20. f5 Bg5 21. Qc3 exf5 22. e3 Ne5 23. Nxf5 Qf6 24. Nd4 Nd3 25. Re1 Qf2+ 26. Kh1 Nxe1 27. Rxe1 Bxe3 28. Qxe3 Qxe3 29. Rxe3 Rf8 30. Kg2 Rf7 31. Bb2 Raf8 32. Re2 Re8 33. c6 Rf6 34. b4 Rb8 35. b5 Rff8 36. a4 Ra8 37. Ne6 Rf7 38. Rd2 Raf8 39. Nxf8 e3 40. Re2 1-0

[Event "*** Titled Tuesday 3|2 Blitz"]
[Site "Chess.com"]
[Date "2017.06.06"]
[Round "5"]
[White "Vamostodorecto"]
[Black "dolynachess"]
[Result "1-0"]
[WhiteElo "2323"]
[BlackElo "2305"]
[TimeControl "180+2"]
[EndTime "14:52:49 PDT"]
[Termination "Vamostodorecto won by checkmate"]

1. d4 Nf6 2. c4 c5 3. d5 b5 4. cxb5 a6 5. Nc3 axb5 6. e4 b4 7. Nb5 d6 8. Bc4 Na6 9. Qe2 g6 10. b3 Bg7 11. Bb2 O-O 12. Nf3 Re8 13. O-O e6 14. dxe6 Bxe6 15. Rad1 Bxc4 16. Qxc4 Rxe4 17. Qc2 Re6 18. Ng5 Re7 19. Rxd6 Rd7 20. Qc4 Qe7 21.
Bxf6 Bxf6 22. Nxf7 Rxd6 23. Nfxd6+ Kh8 24. g3 Rf8 25. Qe4 Nc7 26. Re1 Qxe4 27. Rxe4 Nxb5 28. Nxb5 Rd8 29. Re2 Kg7 30. Nc7 Rd1+ 31. Kg2 Kf7 32. f4 h5 33. Ne6 Rc1 34. Nc7 Bd4 35. Nb5 Bf6 36. Nd6+ Kf8 37. Nc4 Kf7 38. Kf3 Bd4 39. Ke4 Ke6 40. Nb6 Rc3 41. Na4 Rc1 42. Kd3+ Kd5 43. Nb6+ Kc6 44. Nc4 Rd1+ 45. Rd2 Re1 46. Re2 Rd1+ 47. Kc2 Rh1 48. Re6+ Kd5 49. Rxg6 Rxh2+ 50.
Kd3 Rxa2 51. Rd6# 1-0

[Event "*** Titled Tuesday 3|2 Blitz"]
[Site "Chess.com"]
[Date "2017.06.06"]
[Round "5"]
[White "Enzy63"]
[Black "Wolverine_master"]
[Result "0-1"]
[WhiteElo "2039"]
[BlackElo "1997"]
[TimeControl "180+2"]
[EndTime "14:52:54 PDT"]
[Termination "Wolverine_master won by resignation"]

1. d4 Nf6 2. Nf3 c5 3. d5 g6 4. Nc3 Bg7 5. e4 d6 6. Bb5+ Bd7 7. a4 O-O 8. h3 Na6 9. O-O Nc7 10. Re1 a6 11.
Bxd7 Nxd7 12. Bf4 b5 13. e5 dxe5 14. Nxe5 Nxe5 15. Bxe5 b4 16. Bxg7 Kxg7 17. Ne4 Qxd5 18. Qxd5 Nxd5 19. Nxc5 e6 20. Nd3 a5 21. Re2 Rac8 22.
g3 Rc7 23. Rd1 Rfc8 24. Rdd2 Nb6 25. b3 Nd5 26. Nb2 Nc3 27. Re1 Rc5 28. Nc4 Nd5 29.
Re5 Kf6 30. f4 h5 31. Kf2 Ke7 32. Kf3 f6 33. Re1 R8c6 34. Rde2 Nb6 35. Nxb6 Rxb6 36. g4 Rc3+ 37. Kg2 hxg4 38. hxg4 Rbc6 39. f5 gxf5 40. gxf5 e5 41. Rh1 Rxc2 42. Rh7+ Kd6 43. Rxc2 Rxc2+ 44. Kf3 Rc3+ 45. Ke4 Rxb3 46. Rf7 Ra3 47.
Rxf6+ Ke7 48. Ra6 Rxa4 49. Kxe5 Ra1 50. Ra7+ Ke8 51. Ra8+ Ke7 52. Ra7+ Ke8 53. Ra8+ Kd7 54. Ra7+ Kc6 55. f6 Re1+ 56. Kf5 Kb5 57. f7 Rf1+ 58.
Ke6 b3 59. Rb7+ Kc4 60. Rc7+ Kb4 61. Rb7+ Ka3 62. Ke7 a4 63. Rb6 Rxf7+ 64. Kxf7 b2 65. Ke6 Ka2 66. Kd5 b1=Q 67. Rxb1 Kxb1 68. Kc4 a3 69.
Kb3 a2 0-1

[Event "*** Titled Tuesday 3|2 Blitz"]
[Site "Chess.com"]
[Date "2017.06.06"]
[Round "5"]
[White "GMHess"]
[Black "Illingworth"]
[Result "1-0"]
[WhiteElo "2623"]
[BlackElo "2701"]
[TimeControl "180+2"]
[EndTime "14:53:06 PDT"]
[Termination "GMHess won by resignation"]

1. d4 Nf6 2. c4 e6 3. Nc3 Bb4 4.
Qc2 O-O 5. a3 Bxc3+ 6. Qxc3 d5 7.
Nf3 dxc4 8. Qxc4 b6 9. Bg5 Ba6 10. Qa4 Qd7 11. Qc2 c5 12. Bxf6 gxf6 13. dxc5 Rc8 14. Qe4 Qb5 15. b4 bxc5 16. e3 Qb6 17. Bxa6 Nxa6 18. O-O cxb4 19. axb4 Nxb4 20. Qg4+ Kf8 21.
Qh4 Kg7 22. Qg4+ Kf8 23. Qh4 Ke7 24. e4 Rc4 25. Qxh7 Nd3 26. Rab1 Qc6 27. Nd2 Rc2 28. Nf3 Rc4 29. Rbd1 Nf4 30. e5 Ng6 31. exf6+ Kxf6 32. Qh6 Rg4 33. h3 Re4 34. Ng5 Re2 35. Nh7+ Ke7 36.
Qg5+ Ke8 37. Nf6+ Kf8 38. Rd7 Kg7 39. Nh5+ Kg8 40. Rfd1 Rf8 41. Nf6+ Kg7 42. Nh5+ Kg8 43. Qf6 1-0

[Event "*** Titled Tuesday 3|2 Blitz"]
[Site "Chess.com"]
[Date "2017.06.06"]
[Round "5"]
[White "Spinaltap"]
[Black "Grebeniuk-S"]
[Result "1/2-1/2"]
[WhiteElo "2503"]
[BlackElo "2432"]
[TimeControl "180+2"]
[EndTime "14:53:07 PDT"]
[Termination "Game drawn - insufficient material"]

1. d4 f5 2. Nf3 Nf6 3. g3 g6 4.
Bg2 d6 5. O-O Bg7 6. c4 O-O 7.
Nc3 Qe8 8. d5 a5 9. Nd4 Na6 10.
Rb1 Bd7 11. Bg5 h6 12. Bxf6 Bxf6 13. e4 f4 14. Ne6 Bxe6 15. dxe6 Be5 16. Nd5 g5 17.
Bh3 c6 18. Nb6 Nc5 19. Nxa8 Qxa8 20. Bf5 Rf6 21. Qg4 Kh8 22. h4 Qg8 23. hxg5 Qxg5 24. Qxg5 hxg5 25. b4 axb4 26. Rxb4 fxg3 27. fxg3 Bxg3 28.
Kg2 Bh4 29. Rd1 Rf8 30. a4 Kg7 31. a5 Kf6 32. Rb6 Ra8 33. Ra1 Ke5 34. a6 Rxa6 35. Raxa6 bxa6 36. Rxc6 Nxe4 37. Bxe4 Kxe4 38. Rxa6 Ke5 39.
Kf3 Be1 40. Ra7 Kxe6 41. Ke4 Bb4 42. Ra2 Bc5 43. Rg2 Kf6 44. Rh2 Kg6 45. Rh1 e6 46.
Rh8 Kf6 47. Rh6+ Kf7 48. Kf3 Bd4 49. Kg4 Bf6 50. Rh7+ Kg6 51. Rd7 Be5 52. Rd8 Bf4 53. Re8 Kf6 54. Rh8 Ke5 55. Rh6 Kd4 56. Rxe6 Kxc4 57.
Rxd6 Bxd6 58. Kxg5 1/2-1/2

[Event "*** Titled Tuesday 3|2 Blitz"]
[Site "Chess.com"]
[Date "2017.06.06"]
[Round "5"]
[White "saraswathii"]
[Black "Blitzstream"]
[Result "1/2-1/2"]
[WhiteElo "2265"]
[BlackElo "2497"]
[TimeControl "180+2"]
[EndTime "14:53:07 PDT"]
[Termination "Game drawn by repetition"]

1. e4 g6 2. d3 Bg7 3. Nf3 b6 4.
g3 Bb7 5. Bg2 e6 6. O-O Ne7 7.
Qe2 d6 8. c3 Nd7 9. d4 a6 10.
e5 d5 11. Nbd2 h6 12. h4 c5 13.
Re1 Nf5 14. Nf1 Nb8 15. Bf4 Nc6 16. Rad1 Rc8 17. N1h2 Qe7 18. a3 cxd4 19. cxd4 Na5 20. Ng4 Nc4 21. Nf6+ Kf8 22. g4 Nxh4 23. g5 Nxf3+ 24.
Bxf3 Qd8 25. Rc1 b5 26. Rc2 Nb6 27. Rec1 Rxc2 28. Qxc2 Nc4 29. b3 hxg5 30. Bxg5 Qa5 31. bxc4 Qxa3 32. Bg2 b4 33. cxd5 b3 34. Qc7 Bxf6 35.
Bxf6 Bc6 36. dxc6 Qxc1+ 37. Bf1 Rh1+ 38. Kxh1 Qxf1+ 39. Kh2 Qxf2+ 40. Kh3 Qf3+ 41. Kh4 Qf4+ 42. Kh3 Qf3+ 43. Kh2 Qf2+ 44. Kh3 Qf3+ 45. Kh4 Qf4+ 46. Kh3 Qf3+ 47. Kh2 Qf2+ 48. Kh3 Qf3+ 1/2-1/2

[Event "*** Titled Tuesday 3|2 Blitz"]
[Site "Chess.com"]
[Date "2017.06.06"]
[Round "5"]
[White "stefanodinn"]
[Black "ANLex1963"]
[Result "1-0"]
[WhiteElo "2265"]
[BlackElo "2193"]
[TimeControl "180+2"]
[EndTime "14:53:14 PDT"]
[Termination "stefanodinn won by resignation"]

1. Nf3 Nf6 2. g3 c5 3. Bg2 d5 4.
O-O Nc6 5. d4 e6 6. c4 Be7 7.
cxd5 exd5 8. Nc3 O-O 9. dxc5 Bxc5 10. b3 Be6 11. Bb2 a6 12. Na4 Ba7 13. Nd4 Rc8 14.
e3 Qe7 15. Rc1 Nxd4 16. Bxd4 Rxc1 17. Qxc1 Bxd4 18. exd4 Rc8 19. Qd2 Qa3 20. Nc5 b6 21. Nxe6 fxe6 22. Qe2 Rc6 23. Bh3 Kf7 24. Re1 Ne4 25.
Qh5+ Kg8 26. Qe8+ Qf8 27. Bxe6+ Rxe6 28. Qxe6+ Kh8 29. Re2 h6 30. Qxd5 Nc3 31. Qe5 Nxe2+ 32. Qxe2 Qf5 33. h4 b5 34. Qd2 Qd5 35. Qf4 Qc6 36.
Qf8+ Kh7 37. Qf5+ Kg8 38. d5 Qc1+ 39. Kg2 Qd2 40. Qe6+ Kh7 41. d6 b4 42. d7 a5 43. h5 Qd4 44. Qg6+ 1-0

[Event "*** Titled Tuesday 3|2 Blitz"]
[Site "Chess.com"]
[Date "2017.06.06"]
[Round "5"]
[White "Alexander_Moskalenko"]
[Black "Pierrebl"]
[Result "1-0"]
[WhiteElo "2693"]
[BlackElo "2553"]
[TimeControl "180+2"]
[EndTime "14:53:19 PDT"]
[Termination "Alexander_Moskalenko won by resignation"]

1. d4 Nf6 2. c4 g6 3. g3 Bg7 4.
Bg2 O-O 5. Nc3 d6 6. Nf3 Nc6 7. O-O Bf5 8. Ne1 Qd7 9. e4 Bh3 10. f3 e5 11. d5 Nd4 12. Nc2 Bxg2 13. Kxg2 Nxc2 14. Qxc2 c6 15. Rd1 c5 16. a3 Nh5 17.
b4 b6 18. bxc5 bxc5 19. Rb1 f5 20. Qa4 Qf7 21. Rd3 Nf6 22. Qd1 fxe4 23. fxe4 Ng4 24. Rf3 Qxf3+ 25. Qxf3 Rxf3 26. Kxf3 Nxh2+ 27. Ke2 Rf8 28. Rb7 Rf7 29. Rxf7 Kxf7 30. Nb5 Ke7 31. Nxa7 Ng4 32.
a4 Kd7 33. a5 Bh6 34. Ba3 Nf6 35. Kd3 Ng4 36. Ke2 Nf6 37. Kf3 Ne8 38. Nc6 Nc7 39.
Bb2 Bd2 40. Ke2 Bb4 41. Bc1 Na6 42. Kf3 h5 43. Bg5 Kc8 44. Ne7+ Kd7 45. Nxg6 Bxa5 46. Nf8+ Ke8 47. Ne6 Kf7 48. Ke2 Nc7 49. Bd8 Nxd5 50.
cxd5 1-0

[Event "*** Titled Tuesday 3|2 Blitz"]
[Site "Chess.com"]
[Date "2017.06.06"]
[Round "5"]
[White "GianmarcoVaR"]
[Black "anon102030"]
[Result "0-1"]
[WhiteElo "2445"]
[BlackElo "2587"]
[TimeControl "180+2"]
[EndTime "14:53:20 PDT"]
[Termination "anon102030 won by checkmate"]

1. d4 Nf6 2. c4 e5 3. dxe5 Ng4 4.
Nf3 Nc6 5. Bf4 Bb4+ 6. Nbd2 Qe7 7. e3 Ngxe5 8. Nxe5 Nxe5 9. Be2 d6 10. a3 Bxd2+ 11. Qxd2 b6 12. O-O Bb7 13. b4 O-O 14. Bg3 Qe6 15.
c5 dxc5 16. bxc5 Qc6 17. f3 Qxc5 18. Rfc1 Qe7 19. Qc3 Nc6 20. Bb5 Na5 21. Bxc7 Bxf3 22. Bg3 Bb7 23. Qb4 Qxb4 24. axb4 Nb3 25. Rc7 Nxa1 26. Rxb7 Nc2 27. Kf2 Rfc8 28. Bd6 Rc3 29. Re7 Rd8 30. Bf4 h6 31. h4 Nxb4 32. Rxa7 Nd3+ 33. Bxd3 Rdxd3 34. Rb7 Rb3 35. Rb8+ Kh7 36.
h5 Rd2+ 37. Kf3 f5 38. Rb7 Rbb2 39. Bg3 Rxg2 40. Rf7 b5 41. Rxf5 b4 42. Rb5 b3 43.
Rb7 Rg1 44. Be5 Rbb1 45. Bf6 Rbf1+ 46. Ke4 Rxf6 47. Rxb3 Rh1 48. Rb5 Re6+ 49. Kf4 Rh4+ 50. Kg3 Rhe4 51. Rc5 Rxe3+ 52. Kg2 R3e5 53. Rc8 Rxh5 54.
Rc7 Rf5 55. Kg3 Rg6+ 56. Kh3 Rh5# 0-1

[Event "*** Titled Tuesday 3|2 Blitz"]
[Site "Chess.com"]
[Date "2017.06.06"]
[Round "5"]
[White "kikydu96"]
[Black "ehrenfeld"]
[Result "1-0"]
[WhiteElo "2321"]
[BlackElo "2378"]
[TimeControl "180+2"]
[EndTime "14:53:26 PDT"]
[Termination "kikydu96 won by resignation"]

1. e4 d6 2. d4 g6 3. Nc3 Bg7 4. Be3 a6 5. f3 b5 6. Qd2 Bb7 7.
O-O-O Nd7 8. h4 h5 9. Nh3 Ngf6 10. Ng5 e6 11. g3 Qe7 12. Bh3 Nb6 13. Kb1 Nc4 14.
Qe2 Nxe3 15. Qxe3 Nd7 16. Ne2 c5 17. dxc5 Nxc5 18. Nf4 O-O 19. Rd2 Rac8 20. Rhd1 Rfd8 21.
c3 a5 22. Bf1 b4 23. cxb4 axb4 24. Bc4 Na4 25. Nxg6 fxg6 26. Bxe6+ Kh8 27. Nf7+ Kh7 28.
Ng5+ Kh8 29. Nf7+ Kh7 30. Ng5+ Kh8 31. g4 Rf8 32. gxh5 Nc3+ 33. bxc3 bxc3 34. Rc2 Rb8 35. Ka1 Bc6 36. h6 Be5 37. Rxc3 Qf6 38. Rc1 Be8 39.
a3 Bf4 40. Qe1 Bxc1 41. Qxc1 Ba4 42. Ka2 Rb7 43. Rc7 Rxc7 44. Qxc7 Bd7 45. Qxd7 Rf7 46. Nxf7+ Kh7 47. Ng5+ 1-0

[Event "*** Titled Tuesday 3|2 Blitz"]
[Site "Chess.com"]
[Date "2017.06.06"]
[Round "5"]
[White "Hikaru"]
[Black "sergiochess83"]
[Result "1-0"]
[WhiteElo "2912"]
[BlackElo "2636"]
[TimeControl "180+2"]
[EndTime "14:53:29 PDT"]
[Termination "Hikaru won on time"]

1. e4 e5 2. Nf3 Nc6 3. Bc4 Bc5 4. O-O Nf6 5. d3 O-O 6. Re1 a6 7. h3 d6 8. c3 Ba7 9. Bb3 Ne7 10. d4 Ng6 11.
Nbd2 h6 12. Nf1 Re8 13. Ng3 Bd7 14. Bc2 Bc6 15. Be3 exd4 16. Bxd4 Ne5 17. Bxa7 Rxa7 18. Nd4 Bd7 19. f4 Ng6 20. Qd2 Ra8 21. Rad1 Nh7 22.
Nf3 Bc6 23. Bb3 Qe7 24. Qe3 Rad8 25. Nf5 Qf8 26. Ng3 Nf6 27. Rd4 Nxe4 28. Nxe4 d5 29. f5 Ne5 30. Nxe5 Rxe5 31. Nf6+ gxf6 32. Qg3+ Kh7 33. Rxe5 fxe5 34. Qxe5 Qd6 35. Qxd6 Rxd6 36. Kf2 Kg7 37. Ke3 Kf6 38. Kf4 Rd8 39. g4 Ke7 40. h4 f6 41. Rd2 Kd6 42. c4 Re8 43. cxd5 Bd7 44. Rf2 Re5 45. Bc2 Rxd5 46. g5 hxg5+ 47.
hxg5 fxg5+ 48. Kxg5 c5 49. Kg6 Rd4 50. f6 Rg4+ 51.
Kh6 Be6 52. Bf5 1-0

[Event "*** Titled Tuesday 3|2 Blitz"]
[Site "Chess.com"]
[Date "2017.06.06"]
[Round "5"]
[White "Oneofmyturns"]
[Black "Saitama_Hero"]
[Result "0-1"]
[WhiteElo "2488"]
[BlackElo "2254"]
[TimeControl "180+2"]
[EndTime "14:53:32 PDT"]
[Termination "Saitama_Hero won on time"]

1. d4 d6 2. e4 g6 3. Nc3 Bg7 4. f4 Nf6 5. Nf3 O-O 6. Be2 c5 7.
d5 e6 8. dxe6 Bxe6 9. O-O Nc6 10.
Kh1 Re8 11. Be3 Bg4 12. Nd2 Bxe2 13. Qxe2 d5 14. Bxc5 dxe4 15. Rae1 Qa5 16. b4 Qa3 17. Nb3 b6 18. Bg1 Qxb4 19. Nb5 Rad8 20. a3 Qe7 21. c3 Nd5 22. c4 Nc3 23. Nxc3 Bxc3 24. Rc1 Bg7 25. c5 Rd3 26. cxb6 Qb7 27. Nc5 Qa8 28. Nxd3 exd3 29. Qxd3 axb6 30. Bxb6 Rb8 31. Bg1 Rb2 32. Rc2 Rb8 33. Qf3 Qa4 34. Qxc6 Qxa3 35. Bc5 Qd3 36. Bg1 Qxf1 37. Qc7 Rb1 38. Qd8+ Bf8 39. Qd4 Rd1 40. Qa7 Qd3 41. Rc8 Kg7 42. Rc7 Qd5 43. Rc2 Qe4 44. Ra2 Qc4 45. Qa4 Qxa4 46. Rxa4 Bc5 47.
h3 Bxg1 48. g4 Be3+ 49. Kg2 Bxf4 50. Kf3 Be5 0-1

[Event "*** Titled Tuesday 3|2 Blitz"]
[Site "Chess.com"]
[Date "2017.06.06"]
[Round "5"]
[White "ViIIagra"]
[Black "x-3738459472"]
[Result "1-0"]
[WhiteElo "2600"]
[BlackElo "2455"]
[TimeControl "180+2"]
[EndTime "14:53:35 PDT"]
[Termination "ViIIagra won by checkmate"]

1. e4 c5 2. Nf3 Nc6 3. Bb5 d6 4.
c3 Nf6 5. Qe2 Bg4 6. h3 Bh5 7. O-O e5 8. d4 Nd7 9. g4 Bg6 10. dxe5 dxe5 11. Rd1 Qc7 12. Na3 a6 13. Bc4 Be7 14. Bd5 O-O 15. c4 Nd4 16. Nxd4 cxd4 17. Nc2 Nb6 18. Ne1 Rac8 19. b3 Nxd5 20. cxd5 Qc3 21.
Bb2 Qxh3 22. Rd3 Qh4 23. Rg3 Qg5 24. Nd3 Qf6 25. Kg2 Qd6 26. Rh1 Bg5 27. Rgh3 f6 28. Ra1 Rc7 29. Bc1 Bxc1 30. Rxc1 Rfc8 31. Rhh1 Rc3 32. Rxc3 dxc3 33. f3 Be8 34. a4 b5 35. Qc2 Qa3 36. b4 bxa4 37. Rb1 Bb5 38. Nc5 a5 39. d6 axb4 40. d7 Bxd7 41. Nxd7 b3 42. Qd3 c2 43. Qa6 Rd8 44. Qc4+ Kh8 45.
Rh1 Qd6 46. Nc5 Rc8 47. Qf7 Qd2+ 48. Kg3 c1=Q 49. Rxc1 Qxc1 50. Ne6 b2 51. Qxg7# 1-0

[Event "*** Titled Tuesday 3|2 Blitz"]
[Site "Chess.com"]
[Date "2017.06.06"]
[Round "5"]
[White "Makalexa"]
[Black "FearlessKing64"]
[Result "1/2-1/2"]
[WhiteElo "2194"]
[BlackElo "2155"]
[TimeControl "180+2"]
[EndTime "14:53:42 PDT"]
[Termination "Game drawn by agreement"]

1. e4 c5 2. Nf3 d6 3. d4 cxd4 4.
Nxd4 Nf6 5. Nc3 a6 6. Be3 e5 7. Nb3 Be6 8. Qd2 Ng4 9. O-O-O Nxe3 10.
Qxe3 Be7 11. g3 Nd7 12. Kb1 O-O 13. f4 Nf6 14. f5 Bxb3 15. cxb3 b5 16. g4 Nxg4 17. Qg3 Nf6 18. Rg1 g6 19. h4 b4 20.
fxg6 fxg6 21. Bc4+ Kh8 22. Nd5 Nxe4 23. Qe1 Nf2 24. h5 g5 25. Rd2 Nh3 26. Rg3 Nf4 27.
h6 Nxd5 28. Bxd5 Rc8 29. Bc4 a5 30. Bd3 Rf4 31. Rc2 Rxc2 32. Bxc2 Qf8 33. Rg1 Qxh6 34. Qe3 Qf6 35. Qd3 e4 36. Qc4 Kg7 37. a3 bxa3 38. bxa3 e3 39. Qd3 Kf8 40. Qxe3 Rf1+ 41. Rxf1 Qxf1+ 42. Qc1 Qxc1+ 43. Kxc1 h5 44. Kd2 Kg7 45.
Ke3 Kf6 46. Kf3 Ke5 47. b4 axb4 48. axb4 d5 49. Bg6 g4+ 50. Kg3 d4 51. Bxh5 Bxb4 52. Bxg4 Ke4 53. Kg2 Ke3 54. Kf1 d3 55. Bh5 Bd6 56. Bg4 Bg3 57. Bh5 Kf4 58. Bd1 Ke3 59. Bh5 Kd2 60. Bg4 1/2-1/2

[Event "*** Titled Tuesday 3|2 Blitz"]
[Site "Chess.com"]
[Date "2017.06.06"]
[Round "5"]
[White "Zufi1811"]
[Black "TenisMaster"]
[Result "0-1"]
[WhiteElo "2357"]
[BlackElo "2669"]
[TimeControl "180+2"]
[EndTime "14:53:43 PDT"]
[Termination "TenisMaster won on time"]

1. e4 e5 2. Nf3 Nc6 3. Bb5 a6 4. Ba4 Nf6 5. O-O Bc5 6. c3 b5 7.
Bc2 d5 8. d4 dxe4 9. dxc5 Qxd1 10. Bxd1 exf3 11. Bxf3 Bb7 12. Re1 O-O-O 13. Bg5 h6 14.
Bxf6 gxf6 15. Na3 Rd2 16. Re2 Rhd8 17. Kf1 f5 18. Nc2 e4 19. Bh5 Ne5 20. Nd4 Rxe2 21.
Kxe2 f4 22. b4 Bd5 23. a4 Kb7 24. axb5 axb5 25. Kf1 Rg8 26. Be2 c6 27. f3 e3 28.
Nf5 h5 29. Nd6+ Kb8 30. Ra6 Rd8 31. Rb6+ Ka8 32. Ra6+ Kb8 33. Rb6+ Ka7 34. Rb7+ Ka8 35. Re7 Nc4 36. Bxc4 Bxc4+ 37. Ke1 Rg8 38. g3 fxg3 39. hxg3 Rxg3 40. Nxc4 bxc4 41. Ke2 Rg7 42. Re8+ Kb7 43. Rh8 Rg5 44. Kxe3 Rd5 45. Ke4 Rd3 46. Rxh5 Rxc3 47.
Rf5 Rd3 48. Rxf7+ Ka6 49. Rc7 Kb5 50. Rb7+ Ka4 51. Rb6 Rd1 52. Rxc6 c3 53. Ra6+ Kb3 0-1

[Event "*** Titled Tuesday 3|2 Blitz"]
[Site "Chess.com"]
[Date "2017.06.06"]
[Round "5"]
[White "FastChance"]
[Black "PaulfromSPb"]
[Result "0-1"]
[WhiteElo "2479"]
[BlackElo "2582"]
[TimeControl "180+2"]
[EndTime "14:53:48 PDT"]
[Termination "PaulfromSPb won by resignation"]

1. d4 Nf6 2. Bf4 d6 3. e3 Nbd7 4. Nf3 Nh5 5. Bg5 h6 6. Bh4 g5 7.
Nfd2 Ndf6 8. Be2 gxh4 9. Bxh5 Nxh5 10. Qxh5 Rg8 11. g3 h3 12. Nc3 c6 13. Qe2 Be6 14. O-O-O Bg7 15. Qd3 Qa5 16. Kb1 O-O-O 17. Nb3 Qh5 18.
e4 Kb8 19. Rhf1 Bg4 20. f3 Bd7 21. Ne2 f5 22. Nf4 fxe4 23. fxe4 Qg5 24. Nd2 Qa5 25.
Nf3 Bg4 26. Rde1 e5 27. Ne2 exd4 28. Nfxd4 d5 29. exd5 Qxd5 30. Rf4 h5 31. Nc3 Qg2 32. Qc4 Qd2 33. Nxc6+ bxc6 34. Ref1 Bxc3 35. bxc3 Qd5 36. Qa6 Qb5+ 37. Rb4 Be2 38. Rxb5+ Bxb5 39. Qa3 Bxf1 40. Qb4+ Ka8 41. Qe7 Bc4 42. Qc7 Rc8 43. Qf4 Ba6 44.
Qa4 Bb5 45. Qh4 Rb8 46. Kc1 Rgd8 47. c4 Ba6 48. c3 Bc8 49. Qe4 Rb6 50. Qh4 Rh8 51. Qf6 Re8 52. Qg6 Re2 53. Qxh5 Rxh2 54.
Qe8 Kb7 55. Qe7+ Kb8 56. Qd6+ Kb7 57. c5 Rh1+ 58. Kd2 Rb2+ 59. Ke3 Re1+ 60. Kf4 h2 61. Qh6 Rf2+ 62. Kg5 Re5+ 0-1

[Event "*** Titled Tuesday 3|2 Blitz"]
[Site "Chess.com"]
[Date "2017.06.06"]
[Round "5"]
[White "Federtiu"]
[Black "Indianlad"]
[Result "1/2-1/2"]
[WhiteElo "2440"]
[BlackElo "2586"]
[TimeControl "180+2"]
[EndTime "14:53:53 PDT"]
[Termination "Game drawn - timeout vs insufficient material"]

1. c4 e5 2. Nc3 Nf6 3. Nf3 Nc6 4.
e3 Bb4 5. Qc2 Bxc3 6. Qxc3 Qe7 7. Be2 d5 8. d4 Ne4 9. Qb3 dxc4 10. Bxc4 exd4 11. O-O O-O 12. Bd5 Be6 13. Bxe6 Qxe6 14. Qxe6 fxe6 15. exd4 Rad8 16. Re1 Nxd4 17. Nxd4 Rxd4 18.
Be3 Rc4 19. Bxa7 Nd6 20. Be3 Rc2 21. Rec1 Rxc1+ 22. Rxc1 c6 23. Bc5 Rd8 24. Rd1 Nf7 25. Rxd8+ Nxd8 26. f3 Kf7 27. Kf2 e5 28. Ke3 Ke6 29.
b3 Kd5 30. Be7 Ne6 31. g4 Nd4 32. h4 c5 33. h5 b5 34. a4 b4 35. a5 Nxb3 36. a6 Kc6 37. Bf8 g6 38. Ke4 Nd2+ 39. Kd3 Nxf3 40. Bxc5 b3 41. Kc3 Nh2 42. hxg6 hxg6 43.
g5 Nf3 44. Be3 b2 45. Kxb2 Nxg5 46. Bxg5 Kb6 47. Kc3 Kxa6 48. Kd3 e4+ 49. Kxe4 Kb5 50. Ke5 1/2-1/2

[Event "*** Titled Tuesday 3|2 Blitz"]
[Site "Chess.com"]
[Date "2017.06.06"]
[Round "5"]
[White "andreimacovei2000"]
[Black "WeiYi1999"]
[Result "1/2-1/2"]
[WhiteElo "2385"]
[BlackElo "2126"]
[TimeControl "180+2"]
[EndTime "14:54:27 PDT"]
[Termination "Game drawn - insufficient material"]

1. e4 d5 2. exd5 Qxd5 3. Nc3 Qa5 4.
d4 c6 5. Bc4 Bf5 6. Nf3 e6 7.
Ne5 Nf6 8. Qe2 Nbd7 9. O-O Bd6 10. Bf4 Qc7 11. Rfe1 O-O 12. Rad1 Nb6 13. Bb3 Rad8 14.
Bg3 Nbd5 15. Nxd5 exd5 16. f3 Rfe8 17. Qf2 c5 18. c3 b6 19. Ba4 Re7 20. Nc6 Rxe1+ 21.
Rxe1 Re8 22. Bxd6 Qxd6 23. Ne5 Re7 24. Qg3 Bg6 25. Nc6 Rxe1+ 26. Qxe1 h6 27. Qe5 Qxe5 28. dxe5 Ne8 29. Ne7+ Kf8 30. Nxd5 Bb1 31. a3 Ba2 32. Ne3 Nc7 33. f4 Nd5 34. Nxd5 Bxd5 35. Kf2 Ke7 36. g4 f6 37. exf6+ Kxf6 38. Ke3 Be6 39. Bd1 Bd5 40. Bf3 Bc4 41. b4 g5 42. Be4 cxb4 43. cxb4 a5 44. bxa5 bxa5 45. Bf3 Ke6 46. Kd4 Ba6 47. f5+ Kd6 48. Bd1 Bb5 49. a4 Be8 50. Bb3 Bc6 51. f6 Bd7 52. h3 Bc6 53. f7 Ke7 54.
Kc5 Bg2 55. Kb5 Bxh3 56. Bd1 h5 57. gxh5 Kxf7 58. Kxa5 g4 59. Kb6 g3 60. Bf3 g2 61.
Bxg2 Bxg2 62. a5 Kg7 63. a6 Kh6 64. a7 Kxh5 65. Kc7 Bh1 66. Kb8 Bg2 67. a8=Q Bxa8 1/2-1/2